AoeStats
← aka Frost1e

African Clearing

510289268Analyzed
3v3 RM · 1d ago on Sep 30, 2026· 60m 23s· 6 players
Game mode
Random Map
Map size
Normal (6 player)
Population
200
Speed
Normal
Resources
Standard
Victory
Conquest
Starting age
Dark Age
Ending age
Imperial Age
RankedLock teamsTeams togetherTeam positionsShared explorationLock speedFull tech treeHidden civsTurbo modeCheats
Victory
Defeat
🇺🇦 Berbers · Ukraine
1397
+7
🇺🇸 Japanese · United States
1192
+14
🇺🇸 Wei · United States
1147
+16
🇦🇺 Chinese · Australia
1185
-13
🇨🇳 Varangians · China
1167
-12
🇸🇪 Koreans · Sweden
1159
-12
Cowardpunch
4:26 Loom
14:49 Feudal Age
15:38 Double-Bit Axe
20:03 Castle Age
19:54 Fletching
20:08 Crossbowman
22:09 Ballistics
26:05 Padded Archer Armor
28:59 Bodkin Arrow
32:39 Horse Collar
34:59 Thumb Ring
37:48 Forging
37:38 Scale Mail Armor
37:54 Leather Archer Armor
42:58 Bow Saw
46:00 Imperial Age
46:00 Arbalester
48:05 Bracer
49:57 Chemistry
50:47 Leather Archer Armor
53:49 Two-Man Saw
57:28 Conscription
小敏
10:44 Loom
11:05 Loom
13:35 Feudal Age
18:13 Castle Age
16:02 Double-Bit Axe
17:23 Stone Mining
24:15 Scale Barding Armor
29:47 Vendel Legacy
30:52 Bow Saw
31:03 Forging
32:58 Chain Barding Armor
33:13 Iron Casting
32:29 Fletching
37:01 Imperial Age
35:13 Gold Mining
35:58 Stone Shaft Mining
36:33 Scale Mail Armor
38:32 Conscription
37:33 Gothikon
39:12 Chain Mail Armor
39:58 Blast Furnace
39:33 Plate Barding Armor
39:06 Arson
39:22 Squires
39:08 Gambesons
40:55 Elite Varangian Guard
42:52 Town Watch
45:26 Plate Mail Armor
44:52 Bodkin Arrow
51:52 Town Patrol
52:27 Wheelbarrow
57:43 Fortified Wall
57:30 Murder Holes
57:42 Siege Engineers
57:48 Masonry
57:18 Treadmill Crane
57:17 Elite Jarl
scarabe
10:50 Loom
13:09 Feudal Age
13:36 Double-Bit Axe
17:26 Fletching
21:36 Castle Age
27:16 Bodkin Arrow
30:39 Town Watch
31:04 Scale Mail Armor
31:16 Forging
31:10 Arson
35:30 Wheelbarrow
46:36 Stone Mining
47:03 Bow Saw
59:23 Horse Collar
GENERAL STORM
3:27 Loom
12:35 Feudal Age
15:49 Double-Bit Axe
19:23 Castle Age
17:39 Man-at-Arms
19:56 Scale Mail Armor
19:46 Long Swordsman
24:19 Gambesons
25:03 Arson
25:55 Forging
28:10 Horse Collar
29:41 Chain Mail Armor
29:48 Squires
30:50 Iron Casting
33:33 Wheelbarrow
35:49 Hand Cart
42:21 Imperial Age
42:37 Elite Samurai
44:30 Blast Furnace
47:37 Plate Mail Armor
46:29 Elite Skirmisher
49:00 Padded Archer Armor
49:02 Two-Handed Swordsman
50:14 Champion
51:29 Bow Saw
56:20 Fletching
56:43 Siege Engineers
Mongolito7366
8:00 Loom
12:05 Feudal Age
12:42 Double-Bit Axe
13:19 Horse Collar
16:37 Wheelbarrow
22:50 Castle Age
28:25 Fletching
29:04 Bodkin Arrow
30:15 Padded Archer Armor
39:32 Ballistics
40:15 Leather Archer Armor
43:17 Husbandry
43:28 Bloodlines
43:49 Bow Saw
51:03 Imperial Age
49:18 Forging
49:33 Scale Barding Armor
51:54 Bracer
53:02 Iron Casting
52:31 Scale Mail Armor
53:41 Conscription
54:50 Chemistry
54:37 Ring Archer Armor
57:20 Parthian Tactics
56:58 Treadmill Crane
57:54 Chain Barding Armor
aka Frost1e
13:17 Feudal Age
13:52 Double-Bit Axe
16:59 Forging
16:44 Horse Collar
18:52 Scale Barding Armor
21:27 Bloodlines
21:37 Bloodlines
24:39 Castle Age
22:45 Gold Mining
24:16 Wheelbarrow
24:31 Stone Mining
26:00 Chain Barding Armor
25:08 Light Cavalry
28:36 Bow Saw
29:14 Husbandry
30:55 Iron Casting
37:51 Loom
38:52 Hand Cart
43:29 Imperial Age
41:12 Heavy Plow
41:48 Gold Shaft Mining
41:30 Scale Mail Armor
41:29 Fletching
41:42 Padded Archer Armor
42:16 Kasbah
42:57 Ballistics
42:18 Treadmill Crane
44:04 Gold Shaft Mining
44:04 Stone Shaft Mining
44:43 Crop Rotation
45:27 Chemistry
44:51 Conscription
44:48 Bodkin Arrow
45:08 Leather Archer Armor
44:46 Elite Camel Archer
45:36 Bracer
45:42 Town Watch
46:47 Hussar
48:15 Ring Archer Armor
48:21 Plate Barding Armor
48:53 Blast Furnace
Connection lost

Rejoining the realm…

Still unreachable

The connection could not be restored.

Session expired

The server has moved on; the page needs a fresh start.